 Dungeon Crawl Stone Soup version 0.29-a0-817-g9904bce7a6 (webtiles) character file.

Game seed: 10824081765875895948

26517 Jeffvaz the Covert (level 12, -19/70 HPs)
             Began as a Deep Elf Fire Elementalist on July 4, 2022.
             Was an Initiate of Vehumet.
             Demolished by a very large slime creature (42 damage)
             ... on level 12 of the Dungeon on July 5, 2022.
             The game lasted 03:12:33 (30068 turns).

Jeffvaz the Covert (Deep Elf Fire Elementalist)    Turns: 30068, Time: 03:12:33

Health: -19/70     AC: 13    Str:  5    XL:     12   Next: 99%
Magic:  8/27       EV: 15    Int: 26    God:    Vehumet [......]
Gold:   570        SH:  0    Dex: 15    Spells: 8/30 levels left

rFire   x . .      SeeInvis +   (weapon currently unavailable)
rCold   + + +      Faith    .   (shield currently unavailable)
rNeg    . . .      Spirit   .   (body armour currently unavailable)
rPois   +          Reflect  .   (helmet currently unavailable)
rElec   .          Harm     .   (cloak currently unavailable)
rCorr   .          Rampage  .   (gloves currently unavailable)
Will    +....                   (boots currently unavailable)
Stlth   +++++.....              (no amulet)
HPRegen 0.21/turn               u - +4 ring of protection
MPRegen 0.20/turn               n - ring of see invisible

@: ice-form (expiring)
A: freezing attack, amphibious, boosted hp, large
a: End Transformation, Renounce Religion


You were on level 12 of the Dungeon.
You worshipped Vehumet.
Vehumet was noncommittal.
You were a creature of crystalline ice.
You visited 3 branches of the dungeon, and saw 16 of its levels.

You collected 747 gold pieces.
You spent 177 gold pieces at shops.

Inventory:

Armour
 a - a +0 robe
 c - a +0 leather armour
 s - a +1 robe of resistance
 t - a +2 robe of willpower (melded)
 N - a +0 pair of gloves (melded)
Magical Staves
 A - a staff of fire (melded)
 G - a staff of death
Jewellery
 n - a ring of see invisible (right front paw)
 o - a +4 ring of evasion
 u - a +4 ring of protection (left front paw)
 y - a ring of ice
 P - a ring of wizardry
Wands
 q - a wand of charming (10)
 H - a wand of mindburst (8)
 J - a wand of iceblast (5)
Scrolls
 e - 2 scrolls of fear {unknown}
 f - 4 scrolls of enchant armour
 j - a scroll of acquirement {unknown}
 k - 5 scrolls of magic mapping
 m - 2 scrolls of vulnerability {unknown}
 p - a scroll of fog {unknown}
 v - 3 scrolls of summoning {unknown}
 w - 3 scrolls of amnesia
 x - 3 scrolls of enchant weapon
 B - 4 scrolls of noise
 D - 2 scrolls of silence {unknown}
 E - a scroll of immolation {unknown}
 F - 3 scrolls of poison
 M - a scroll of blinking {unknown}
 O - a scroll of brand weapon {unknown}
Potions
 b - a potion of magic
 d - 4 potions of degeneration
 g - 2 potions of brilliance
 h - a potion of lignification {unknown}
 i - 4 potions of might
 l - a potion of berserk rage {unknown}
 z - 3 potions of attraction
 C - 2 potions of mutation {unknown}
 K - a potion of cancellation {unknown}
Miscellaneous
 I - a tin of tremorstones (2/2)


   Skills:
 + Level 11.3 Dodging
 + Level 12.3 Stealth
 - Level 9.8 Spellcasting
 - Level 10.9 Conjurations
 - Level 11.3 Fire Magic
 + Level 8.4 Ice Magic
 * Level 4.7 Earth Magic


You had 8 spell levels left.
You knew the following spells:

 Your Spells              Type           Power      Damage    Failure   Level
a - Foxfire               Conj/Fire      100%       2x1d9     1%          1
b - Scorch                Fire           100%       2d10      1%          2
c - Flame Wave            Conj/Fire      63%        2d12      1%          4
d - Ice Form              Ice/Tmut       34%        N/A       9%          4
e - Iron Shot             Conj/Erth      26%        9d6       28%         6
f - Borgnjor's Vile Clut  Necr/Erth      12%        N/A       45%         5

Your spell library contained the following spells:

 Spells                   Type           Power      Damage    Failure   Level
 Freeze                   Ice            100%       1d11      1%          1
 Conjure Flame            Conj/Fire      63%        6-21      1%          3
 Dazzling Flash           Conj/Hex       82%        N/A       1%          3
 Frozen Ramparts          Ice            100%       1d12      1%          3
 Inner Flame              Hex/Fire       42%        N/A       1%          3
 Necrotise                Necr           48%        1d6       4%          1
 Summon Ice Beast         Ice/Summ       34%        N/A       9%          4
 Vampiric Draining        Necr           12%        2d6       14%         3
 Agony                    Necr           12%        N/A       78%         5
 Silence                  Hex/Air        6%         N/A       78%         5
 Shatter                  Erth           18%        3d17*     100%        9


Dungeon Overview and Level Annotations

Branches:
Dungeon (12/15)            Temple (1/1) D:5            Lair (3/6) D:8
  Swamp (0/4) Lair:2       Spider (0/4) Lair:3
    Orc: D:9-12

Altars:
Ashenzari
Cheibriados
Dithmenos
Elyvilon
Fedhas
Gozag
Hepliaklqana
Kikubaaqudgha
Makhleb
Nemelex Xobeh
Okawaru
Qazlal
Ru
Trog
Uskayaw
Vehumet
Wu Jian
Xom
Yredelemnul
Zin
The Shining One

Shops:
D:3 *   D:7 [((   D:9 :

Annotations:
Temple 2 transporters
Lair:3 Nergalle


Message History

Flames lash the slime creature.
The slime creature is burned terribly!
The slime creature is heavily wounded.
The slime creature hits you but does no damage.
Two slime creatures merge to form a large slime creature.
Casting: Scorch (safe; 1% risk of failure)
Confirm with . or Enter, or press ? or * to list all spells.
Flames lash the large slime creature.
The large slime creature is burned terribly!
The large slime creature is heavily wounded.
Casting: Scorch (safe; 1% risk of failure)
Confirm with . or Enter, or press ? or * to list all spells.
Flames lash the large slime creature.
The large slime creature is burned terribly!
The large slime creature is heavily wounded.
The large slime creature barely misses you.
Two slime creatures merge to form a very large slime creature.
Casting: Scorch (safe; 1% risk of failure)
Confirm with . or Enter, or press ? or * to list all spells.
Flames lash the very large slime creature.
The very large slime creature is burned terribly!
The very large slime creature is severely wounded.
Your transformation is almost over.
Casting: Scorch (safe; 1% risk of failure)
Confirm with . or Enter, or press ? or * to list all spells.
Flames lash the very large slime creature.
The very large slime creature is burned terribly!
The very large slime creature is severely wounded.
Casting: Scorch (safe; 1% risk of failure)
Confirm with . or Enter, or press ? or * to list all spells.
Flames lash the very large slime creature.
The very large slime creature is burned terribly!
The very large slime creature is severely wounded.
The very large slime creature hits you!!!
Ouch! That really hurt!
The very large slime creature attacks as you move away!
The very large slime creature hits you.
The very large slime creature attacks as you move away!
The very large slime creature hits you!!!
Ouch! That really hurt!
You die...

.##..#<#............#.#.#
.....#.#...#........#.#.#
.##..............#..#.#
.##..#.#(#....#..#..#.#
.##..#.#.#.......#..#.#
.##..............#..#.#
.##.##.##.............#
###.#..........#.#..### +
#.#####......#Y#..# #
#............#J#..# #
#####........#.####### #
#+##.....#.......# #
............####.#
.............# ...
..............# .##.#
......)......... .# #
............##.#.# .#


You could see a very large slime creature (combustible).

Vanquished Creatures
  A hydra (Lair:2)
  2 two-headed ogres
  Erica (Lair:1)
  The ghost of HoaS the Marksgargoyle, a journeyman GrHu of Okawaru (D:10)
  Sonja (Lair:2)
  An ugly thing (D:10)
  A cyclops (D:12)
  Joseph (D:8)
  6 elephants (Lair:2)
  6 cane toads
  2 unseen horrors (D:10)
  2 komodo dragons
  3 polar bears
  3 trolls
  A hornet (D:8)
  12 blink frogs
  A centaur simulacrum (D:11)
  3 vampires
  29 yaks
  A shadow (D:10)
  5 wyverns
  A water elemental (D:10)
  2 steam dragons (D:7)
  A ynoxinul (D:10)
  2 basilisks
  3 vampire mosquitoes (D:10)
  19 water moccasins
  An orc warrior (D:10)
  2 black bears (Lair:1)
  5 ice beasts
  A sky beast (D:7)
  An ogre (D:4)
  2 wolves (D:11)
  3 centaurs
  2 phantoms
  A kobold brigand (D:7)
  7 bullfrogs
  A necrophage (D:3)
  8 wights
  10 killer bees (D:7)
  12 howler monkeys
  4 electric eels
  2 hounds
  3 jellies
  3 gnoll boudas
  Ijyb (D:3)
  3 orc priests
  Jessica (D:2)
  6 orc wizards
  4 iguanas
  7 adders
  23 gnolls
  4 white imps
  3 ufetubi
  2 worms
  2 dart slugs
  27 orcs
  9 ball pythons
  5 bats
  7 endoplasms
  4 giant cockroaches
  9 goblins
  9 hobgoblins
  2 jackals (D:4)
  5 quokkas
  2 frilled lizards
  9 kobolds
  2 rats (D:1)
325 creatures vanquished.

Vanquished Creatures (collateral kills)
  14 foxfires
14 creatures vanquished.

Vanquished Creatures (others)
  1896 foxfires
  22 fungi
  47 plants
1965 creatures vanquished.

Grand Total: 2304 creatures vanquished

Notes
Turn   | Place    | Note
-------+----------+-------------------------------------------
     0 | D:1      | Jeffvaz the Deep Elf Fire Elementalist began the quest for
                  | the Orb.
     0 | D:1      | Reached XP level 1. HP: 10/10 MP: 6/6
    53 | D:1      | Found a faded altar of an unknown god.
    55 | D:1      | You fall into a shaft and drop 1 floor!
   390 | D:1      | Reached XP level 2. HP: 15/15 MP: 6/8
  1357 | D:2      | Reached skill level 3 in Stealth
  1357 | D:2      | Reached XP level 3. HP: 19/19 MP: 2/9
  1422 | D:2      | Noticed Jessica
  2012 | D:2      | Killed Jessica
  2013 | D:2      | Reached XP level 4. HP: 24/24 MP: 8/11
  2592 | D:3      | Found Kubucec's General Store.
  2864 | D:3      | Reached XP level 5. HP: 28/28 MP: 2/13
  3174 | D:3      | Noticed Ijyb
  3181 | D:3      | Killed Ijyb
  3284 | D:3      | Learned a level 2 spell: Scorch
  3309 | D:3      | Reached skill level 4 in Stealth
  3885 | D:3      | Bought a +2 robe of willpower for 177 gold pieces
  4121 | D:4      | Noticed a phantom
  4274 | D:3      | Reached XP level 6. HP: 27/32 MP: 9/14
  4630 | D:4      | Reached skill level 5 in Spellcasting
  4630 | D:4      | Reached skill level 5 in Fire Magic
  4874 | D:4      | Reached XP level 7. HP: 36/36 MP: 11/16
  5563 | D:5      | Entered Level 5 of the Dungeon
  5779 | D:5      | Reached skill level 5 in Stealth
  5973 | D:5      | Found a staircase to the Ecumenical Temple.
  6068 | D:5      | Reached skill level 5 in Conjurations
  6275 | D:5      | Reached skill level 5 in Dodging
  6275 | D:5      | Reached XP level 8. HP: 34/41 MP: 11/18
  6995 | D:6      | Reached skill level 6 in Stealth
  7094 | D:6      | Upgraded the game from 0.29-a0-813-g4a14ea37d6 to
                  | 0.29-a0-817-g9904bce7a6
  7461 | D:6      | Learned a level 4 spell: Flame Wave
  7510 | D:6      | Found an ornate altar of the Wu Jian Council.
  7537 | D:6      | Found a snail-covered altar of Cheibriados.
  8023 | D:7      | Reached XP level 9. HP: 45/45 MP: 6/21
  8992 | D:7      | Reached skill level 7 in Stealth
  9139 | D:7      | Found Orarr's Weapon Emporium.
  9652 | D:7      | Found Eleegiej's Antique Weapon Shoppe.
  9715 | D:7      | Found Ylirahub's Antique Armour Boutique.
 11457 | D:7      | Reached XP level 10. HP: 40/50 MP: 12/23
 12644 | D:7      | Reached skill level 8 in Stealth
 13850 | D:9      | Found Huotz's Self-Improvement Boutique.
 14148 | D:9      | Noticed a two-headed ogre
 14161 | D:9      | Killed a two-headed ogre
 14802 | D:8      | Reached skill level 10 in Fire Magic
 14927 | D:8      | Found a staircase to the Lair.
 14952 | D:8      | Found a stormy altar of Qazlal.
 15937 | D:8      | Noticed Joseph
 15952 | D:8      | Killed Joseph
 16120 | D:8      | Reached skill level 9 in Stealth
 16388 | D:7      | Reached XP level 11. HP: 49/54 MP: 16/26
 16794 | D:8      | Reached skill level 10 in Conjurations
 17348 | Lair:1   | Entered Level 1 of the Lair of Beasts
 19080 | Lair:2   | Noticed Sonja
 19080 | Lair:2   | Found a staircase to the Swamp.
 19395 | Lair:2   | Noticed a four-headed hydra
 19408 | Lair:2   | Killed a four-headed hydra
 19525 | Lair:2   | Learned a level 4 spell: Ice Form
 19544 | Lair:2   | Reached skill level 10 in Stealth
 19544 | Lair:2   | Reached skill level 1 in Ice Magic
 20581 | Lair:2   | Killed Sonja
 20603 | Lair:2   | Noticed Erica
 21057 | Lair:2   | Reached XP level 12. HP: 36/59 MP: 11/27
 21278 | Lair:2   | Reached skill level 5 in Ice Magic
 21511 | Lair:2   | Reached skill level 10 in Dodging
 22258 | Lair:3   | Found a hole to the Spider Nest.
 22333 | Lair:3   | Reached skill level 11 in Stealth
 22591 | Lair:3   | Noticed Nergalle
 24123 | Lair:1   | Killed Erica
 24485 | D:10     | Entered Level 10 of the Dungeon
 24527 | D:10     | Found a runed translucent door.
 24984 | D:10     | Noticed HoaS's ghost (journeyman GrHu)
 25521 | D:10     | Killed HoaS's ghost
 25740 | D:10     | Got Izism's Tome of Stones
 25748 | D:10     | Learned a level 6 spell: Iron Shot
 25754 | D:10     | Learned a level 5 spell: Borgnjor's Vile Clutch
 26065 | Temple   | Entered the Ecumenical Temple
 26065 | Temple   | Found a transporter.
 26065 | Temple   | Found a transporter.
 26067 | Temple   | Found a transporter.
 26067 | Temple   | Found a transporter.
 26086 | Temple   | Became a worshipper of Vehumet
 26556 | D:11     | Reached skill level 1 in Earth Magic
 27404 | D:10     | Reached skill level 12 in Stealth
 27501 | D:11     | Noticed a two-headed ogre
 28611 | D:11     | Reached * piety under Vehumet
 28611 | D:11     | Offered knowledge of Freeze by Vehumet.
 28927 | D:11     | Killed a two-headed ogre
 30068 | D:12     | Demolished by a very large slime creature

Illustrated notes

Levels and vault maps discovered:
D:1:      dpeg_arrival_simpleton_c, layout_loops_cross,
          ebering_ecumenical_altar_abandoned, serial_bayou_pond_d
D:2:      layout_loops_ring, uniq_jessica
D:3:      layout_basic, serial_rivers, chequers_serial_rivers_small_3,
          chequers_serial_rivers_small_3, chequers_serial_rivers_small_b,
          chequers_serial_rivers_small_b, serial_shops, nicolae_lakefront_shop,
          uniq_ijyb
D:4:      layout_loops_ring
D:5:      layout_loops_ring, minmay_temple_entry_mist
D:6:      layout_rooms, nicolae_overflow_hidden_temple
D:7:      layout_loops_ring, serial_glass, glass_columns_a, glass_columns_a,
          serial_shops, nicolae_stop_n_shop_2, nicolae_shop_window_shopping,
          shop
D:8:      layout_loops_ring, nicolae_qazlal_eye_of_the_storm,
          minmay_lair_entry_grove, chequers_arboretum, water_boxes_lemuel,
          uniq_joseph
D:9:      layout_roguey, minivault_24, nicolae_shop_self_help
D:10:     layout_small_grid, hellmonk_ghost_big_iron
D:11:     layout_cave_pools, serial_ice, serial_ice_n, serial_ice_e,
          serial_ice_d, serial_ice_k, serial_ice_m
D:12:     layout_basic, orc_0_dummy
Temple:   hellmonk_temple_divided_pantheon
Lair:1:   layout_layer_cave, beast_lair_carwin_7
Lair:2:   layout_regular_city, swamp_mist_pool, uniq_sonja, uniq_erica
Lair:3:   layout_regular_city, spider_nest_entry_a,
          chequers_serial_rivers_small_b, minmay_shattered_shrine, uniq_nergalle

Skill      XL: |  1  2  3  4  5  6  7  8  9 10 11 12 |
---------------+-------------------------------------+-----
Stealth        | 3 4 5 6 7 9 10 12 | 12.3
Dodging        | 3 4 5 6 7 8 9 11 | 11.3
Conjurations   | 2 3 5 6 8 9 10 | 10.9
Spellcasting   | 4 5 6 7 9 |  9.8
Fire Magic     | 4 5 6 7 9 10 11 | 11.3
Ice Magic      | 4 8 |  8.4
Earth Magic    | 4 |  4.7

Action                   |  1- 3 |  4- 6 |  7- 9 | 10-12 || total
-------------------------+-------+-------+-------+-------++-------
Melee: Unarmed           |       |     1 |     3 |     2 ||     6
       Staff             |       |       |     2 |    10 ||    12
 Cast: Foxfire           |    98 |   149 |   281 |   647 ||  1175
       Scorch            |       |     3 |    14 |   170 ||   187
       Flame Wave        |       |       |     8 |    29 ||    37
       Ice Form          |       |       |       |    38 ||    38
Evoke: Wand              |       |       |     3 |     7 ||    10
  Use: Potion            |       |       |     3 |    14 ||    17
       Scroll            |       |       |     4 |    18 ||    22
Armor: Robe              |     1 |       |     7 |    55 ||    63
       Skin              |       |       |       |    61 ||    61
Dodge: Dodged            |     9 |    12 |   110 |   385 ||   516

Table legend: (Time is in decaauts)
 A = Elapsed time spent in this place.
 B = Non-inter-level travel time spent in this place.
 C = Inter-level travel time spent in this place.
 D = Time resting spent in this place.
 E = Time spent auto-exploring this place.
 F = Levels seen in this place.
 G = Mean time per level.
                   A        B        C        D        E       F      G
               +--------+--------+--------+--------+--------+-----+--------+
         Total |  30105 |  24478 |   5627 |  11945 |   3957 |  16 | 1881.6 |
       Dungeon |  23000 |  19302 |   3698 |   9006 |   3550 |  12 | 1916.7 |
        Temple |     40 |      4 |     36 |      0 |      0 |   1 |   40.0 |
          Lair |   7064 |   5171 |   1893 |   2939 |    407 |   3 | 2354.7 |
               +--------+--------+--------+--------+--------+-----+--------+

Top non-repeatable levels by time:
     D:7: 5744 daAuts
  Lair:1: 3642 daAuts
    D:10: 3119 daAuts
  Lair:2: 2586 daAuts
     D:8: 1998 daAuts
     D:3: 1959 daAuts
     D:9: 1765 daAuts
     D:6: 1642 daAuts
    D:11: 1450 daAuts
     D:4: 1312 daAuts
     D:5: 1267 daAuts
     D:2: 1221 daAuts
     D:1: 1079 daAuts
  Lair:3: 835 daAuts
    D:12: 440 daAuts
